 Dungeon Crawl Stone Soup version 0.32-a0-22-g6ae6769602 (webtiles) character file.

Game seed: 15967041493188208760

126 Ge0ff the Poker (level 5, -2/38 (41) HPs)
             Began as a Merfolk Reaver on Jan 18, 2024.
             Was an Initiate of Hepliaklqana.
             Slain by a wight
             ... wielding a +0 mace
              (9 damage)
             ... on level 3 of the Dungeon.
             The game lasted 00:08:42 (2733 turns).

Ge0ff the Poker (Merfolk Reaver)                    Turns: 2733, Time: 00:08:43

HP:   -2/38 (41)    AC:  4    Str: 13    XL:     5   Next: 10%
MP:   9/9           EV: 12    Int: 14    God:    Hepliaklqana [......]
Gold: 98            SH:  0    Dex: 12    Spells: 5/9 levels left

rFire   . . .        a - +0 trident
rCold   + . .        (no shield)
rNeg    . . .        j - +1 leather armour {rC+}
rPois   .            (no helmet)
rElec   .            (no cloak)
rCorr   .            (no gloves)
SInv    .            (no boots)
Will    .....        (no amulet)
Stlth   ++           (no ring)
HPRegen 0.26/turn    (no ring)
MPRegen 0.11/turn

%: no passive effects
@: hasted, drained, very quick
A: (nimble swimmer 2), mertail
a: Renounce Religion


You were on level 3 of the Dungeon.
You worshipped Hepliaklqana.
Hepliaklqana was noncommittal.
You visited 1 branch of the dungeon, and saw 3 of its levels.

You collected 98 gold pieces.

Inventory:

Hand Weapons
 a - a +0 trident (weapon)
 b - a +3 dagger
 u - a +0 spear
Missiles
 c - 4 stones (quivered)
Armour
 j - a +1 leather armour of cold resistance (worn)
Jewellery
 t - a ring of fire
Talismans
 Y - a blade talisman
Scrolls
 i - a scroll of teleportation {unknown}
 k - a scroll of enchant weapon {unknown}
 l - a scroll of revelation {unknown}
 m - 4 scrolls of identify {unknown}
 n - a scroll of amnesia {unknown}
 p - a scroll of enchant armour {unknown}
 r - a scroll of noise {unknown}
 s - a scroll of immolation {unknown}
Potions
 d - a potion of might {unknown}
 e - a potion of resistance {unknown}
 o - a potion of ambrosia
 q - 2 potions of curing
 X - 2 potions of enlightenment


   Skills:
 - Level 3.0 Fighting
 - Level 4.0 Polearms
 - Level 2.6 Dodging
 - Level 2.0 Stealth
 - Level 2.7 Spellcasting
 - Level 2.4 Conjurations
 + Level 1.9 Summonings
 + Level 2.2 Ice Magic


You had 5 spell levels left.
You knew the following spells:

 Your Spells              Type           Power      Damage    Failure   Level
s - Summon Ice Beast      Ice/Summ       7%         N/A       34%         3
E - Kiss of Death         Conj/Necr      20%        2d7       17%         1

Your spell library contained the following spells:

 Spells                   Type           Power      Damage    Failure   Level
 Momentum Strike          Conj/Tloc      10%        3d8       26%         2
 Hailstorm                Conj/Ice       8%         3d5       32%         3
 Blink                    Tloc           2%         N/A       38%         2
 Lesser Beckoning         Tloc           2%         N/A       38%         2
 Animate Dead             Necr           1%         N/A       95%         4
 Borgnjor's Vile Clutch   Necr/Erth      0%         N/A       100%        5
 Death Channel            Necr           0%         N/A       100%        6
 Sculpt Simulacrum        Ice/Alch       2%         N/A       100%        6


Dungeon Overview and Level Annotations

Branches:
Dungeon (3/15) Zot: 15282

Altars:
Hepliaklqana


Innate Abilities, Weirdness & Mutations

((You are very nimble when in or above water. (Stealth+, EV+, Speed+++)))
Your lower body shifts to a powerful aquatic tail in water.


Message History

No reachable target in view!
No reachable target in view!
Why would you want to do that?
The ball python hisses angrily.
You reach to attack!
You closely miss the ball python. You puncture the ball python!
You kill the ball python!
m - 4 scrolls labelled KOILORR DOAK (gained 1)
You now have 98 gold pieces (gained 11).
Found a blade talisman.
You see here a blade talisman.
Y - a blade talisman
Found a chain mail.
You see here a +0 chain mail.
A wight is nearby!
It was a potion of curing.
You feel better.
q - 2 potions of curing
j - a +1 leather armour of cold resistance (worn)
You throw a stone. The stone closely misses the wight.
You throw a stone. The stone completely misses the wight.
Okay, then.
It was a potion of ambrosia.
You are confused.
You feel invigorated.
o - a potion of ambrosia;
i - a scroll labelled YFOXOR VA LOEK You bump into the rock wall.
The wight hits you with a +0 mace!
You bump into the rock wall.
The wight barely misses you.
You bump into the rock wall.
The wight closely misses you.
You're too confused to move!
You feel less invigorated.
You feel less confused. The wight hits you with a +0 mace.
The wight attacks as it pursues you! The wight closely misses you.
You closely miss the wight. The wight hits you with a +0 mace!
You barely miss the wight. The wight barely misses you.
You hit the wight.
The wight is lightly damaged.
The wight hits you with a +0 mace!
You feel drained.
You completely miss the wight.
The wight is lightly damaged.
The wight hits you with a +0 mace.
It was a potion of haste.
You feel yourself speed up. The wight hits you with a +0 mace!
* * * LOW HITPOINT WARNING * * *
You feel drained.
* * * LOW HITPOINT WARNING * * *
The wight attacks as it pursues you! The wight hits you with a +0 mace!
You die...

......#.......#.......#..########
...#......#......#.....#.>.......
.#.....#.....#.....#...##########
#....#....#....#....#..#
..#...#...#...#...#...##
.#..#..#..#..#..#..#...
#.#.#.#.#.#.#.#.# .#
##.##.##.###.##z## .###.###.#
#.###@# .#### ### ####[## #.# ###
###


You could see a wight.

Vanquished Creatures
  An orc wizard (D:3)
  3 gnolls (D:2)
  An adder (D:2)
  A dart slug (D:1)
  3 orcs (D:3)
  6 ball pythons
  4 bats
  4 endoplasms
  3 giant cockroaches
  6 hobgoblins
  4 kobolds
  4 quokkas
  A frilled lizard (D:2)
  8 goblins
  5 rats
54 creatures vanquished.

Notes
Turn   | Place    | Note
-------+----------+-------------------------------------------
     0 | D:1      | Ge0ff the Merfolk Reaver began the quest for the Orb.
     0 | D:1      | Reached XP level 1. HP: 16/16 MP: 3/3
    66 | D:1      | Reached skill level 1 in Stealth
   112 | D:1      | Reached XP level 2. HP: 22/22 MP: 5/5
   897 | D:2      | Reached XP level 3. HP: 28/28 MP: 6/6
  1014 | D:1      | Learned a level 3 spell: Summon Ice Beast
  1084 | D:2      | Reached skill level 1 in Ice Magic
  1119 | D:2      | Reached skill level 1 in Summonings
  1599 | D:3      | Found a faded altar of an unknown god.
  1625 | D:3      | Reached XP level 4. HP: 34/34 MP: 7/7
  1789 | D:3      | Found a hazy altar of Hepliaklqana.
  1808 | D:3      | Became a worshipper of Hepliaklqana the Forgotten
  2257 | D:2      | Reached XP level 5. HP: 16/41 MP: 7/9
  2733 | D:3      | Slain by a wight

Illustrated notes

Levels and vault maps discovered:
D:1:      scummos_arrival_forest, layout_basic
D:2:      layout_basic
D:3:      layout_loops_ring, mainiacjoe_overflow_paths, tgw_trog,
          shapermc_ecumenical_altar_flowoftime, ebering_ghost_inner_flame,
          minmay_increasing_density

Skill      XL: |  1  2  3  4 |
---------------+-------------+-----
Stealth        | 1 2 |  2.0
Ice Magic      | 1 2 |  2.2
Summonings     | 1 |  1.9
Fighting       | 3 |  3.0
Polearms       | |  4.0
Dodging        | |  2.6
Spellcasting   | |  2.7
Conjurations   | |  2.4

Action                     |  1- 3 |  4- 6 || total
---------------------------+-------+-------++-------
  Melee: Spear             |   149 |    62 ||   211
         Punch             |     3 |       ||     3
         Trident           |       |    25 ||    25
  Throw: Stone             |    15 |     9 ||    24
    Use: Potion            |       |     6 ||     6
   Stab: Sleeping          |     1 |       ||     1
 Armour: Leather armour    |    42 |    47 ||    89
  Dodge: Dodged            |    62 |    40 ||   102

Table legend: (Time is in decaauts)
 A = Elapsed time spent in this place.
 B = Non-inter-level travel time spent in this place.
 C = Inter-level travel time spent in this place.
 D = Time resting spent in this place.
 E = Time spent auto-exploring this place.
 F = Levels seen in this place.
 G = Mean time per level.
                   A        B        C        D        E       F      G
               +--------+--------+--------+--------+--------+-----+--------+
         Total |   2716 |   2568 |    148 |    214 |   1483 |   3 |  905.3 |
       Dungeon |   2716 |   2568 |    148 |    214 |   1483 |   3 |  905.3 |
               +--------+--------+--------+--------+--------+-----+--------+

Top non-repeatable levels by time:
     D:2: 1291 daAuts
     D:1: 777 daAuts
     D:3: 646 daAuts
